 Dungeon Crawl Stone Soup version 0.31-a0-83-gbff143cfd1 (webtiles) character file.

Game seed: 17230130261214170025

15759 Turgor the Tainter (level 12, -3/88 HPs)
             Began as a Demonspawn Cinder Acolyte on May 3, 2023.
             Was a High Priest of Ignis.
             Shot with an arrow by a centaur (7 damage)
             ... on level 2 of the Orcish Mines on May 24, 2023.
             The game lasted 01:40:58 (15708 turns).

Turgor the Tainter (Demonspawn Cinder Acolyte)     Turns: 15708, Time: 01:40:58

Health: -3/88      AC: 16    Str: 14    XL:     12   Next: 4%
Magic:  17/21      EV:  9    Int: 23    God:    Ignis [*****.]
Gold:   757        SH:  4    Dex:  9    Spells: 12/23 levels left

rFire   + . .        a - -1 spear (flame)
rCold   . . .        N - +0 buckler
rNeg    . . .        V - +1 swamp dragon scales
rPois   +            U - +0 helmet
rElec   .            v - +0 cloak {rCorr}
rCorr   +            F - +0 pair of gloves {Stlth+}
SInv    +            (no boots)
Will    .....        (no amulet)
Stlth   +            h - ring of see invisible
HPRegen 1.34/turn    P - ring of the Mauling Gods {+Blink Fly Int+2}
MPRegen 0.17/turn

%: no passive effects
@: rising, on blink cooldown, flying
A: molten scales 2, powered by death 1, spiny 1
a: Renounce Religion, Evoke Blink, Fiery Armour, Foxfire Swarm


You were on level 2 of the Orcish Mines.
You worshipped Ignis.
Ignis was extremely pleased with you.
You visited 2 branches of the dungeon, and saw 13 of its levels.
You also visited: Ossuary.

You collected 1237 gold pieces.
You spent 480 gold pieces at shops.

Inventory:

Hand Weapons
 a - a -1 spear of flaming (weapon)
 b - a +0 trident
 f - a +4 scimitar of flaming
 n - a +2 dagger of speed
 o - a +1 short sword of venom
 R - a +3 short sword of freezing
Missiles
 d - 2 throwing nets
 g - 22 poisoned darts (quivered)
 T - 2 silver boomerangs
Armour
 v - a +0 cloak of preservation (worn)
 F - a +0 pair of gloves of stealth (worn)
 N - a +0 buckler (worn)
 U - a +0 helmet (worn)
 V - +1 swamp dragon scales (worn)
Jewellery
 h - a ring of see invisible (left hand)
 K - the Hermit's Pendant {Faith Invo=14 Evo=0 MP+5}
   (You found it on level 5 of the Dungeon)

   [amulet of faith]

   Invo=14: It sets your Invocations skill to 14.
   Evo=0: It sets your Evocations skill to 0.
   It allows you to gain divine favour quickly.
   MP:        It affects your magic capacity (+5).
 P - the ring of the Mauling Gods (right hand) {+Blink Fly Int+2}
   (You bought it in a shop on level 6 of the Dungeon)

   [ring of flight]

   Int:       It affects your intelligence (+2).
   Fly:       It grants you flight.
   +Blink:    It lets you blink.
Wands
 y - a wand of flame (5)
 D - a wand of digging (6)
 L - a wand of acid (1)
 Q - a wand of polymorph (3)
Scrolls
 i - 2 scrolls of magic mapping
 k - 2 scrolls of enchant weapon
 q - 2 scrolls of butterflies {unknown}
 r - a scroll of teleportation
 s - a scroll of immolation
 t - 3 scrolls of fear {unknown}
 u - 2 scrolls of poison {unknown}
 w - 2 scrolls of amnesia {unknown}
 B - 2 scrolls of blinking {unknown}
 E - a scroll of acquirement {unknown}
 J - 2 scrolls of enchant armour {unknown}
 M - 2 scrolls of vulnerability {unknown}
 S - a scroll of silence {unknown}
Potions
 c - 2 potions of curing
 e - a potion of invisibility
 j - 8 potions of mutation
 l - 5 potions of haste
 m - 4 potions of enlightenment
 p - a potion of brilliance
 x - 4 potions of attraction
 z - 5 potions of might
 G - 2 potions of heal wounds
 H - 2 potions of lignification
 I - a potion of resistance
 O - a potion of berserk rage
Miscellaneous
 W - a box of beasts (inert)


   Skills:
 - Level 6.0 Fighting
 - Level 8.0 Polearms
 + Level 5.9 Armour
 - Level 5.0 Shields
 - Level 6.0 Spellcasting
 * Level 5.4 Necromancy
 - Level 6.0 Fire Magic
 * Level 4.4 Earth Magic
 + Level 9.8 Poison Magic


You had 12 spell levels left.
You knew the following spells:

 Your Spells              Type           Power      Damage    Failure   Level
a - Scorch                Fire           68%        2d7       2%          2
b - Olgreb's Toxic Radia  Pois           51%        N/A       3%          4
c - Borgnjor's Vile Clut  Necr/Erth      13%        N/A       71%         5

Your spell library contained the following spells:

 Spells                   Type           Power      Damage    Failure   Level
 Sting                    Tmut/Pois      100%       1d8       3%          1
 Poisonous Vapours        Pois/Air       52%        N/A       6%          2
 Blink                    Tloc           12%        N/A       30%         2
 Ozocubu's Armour         Ice            6%         N/A       52%         3
 Alistair's Intoxication  Tmut/Pois      17%        N/A       71%         5
 Manifold Assault         Tloc           6%         N/A       90%         4
 Eringya's Noxious Bog    Tmut/Pois      13%        N/A       99%         6
 Metabolic Englaciation   Hex/Ice        1%         N/A       100%        5
 Simulacrum               Ice/Necr       7%         N/A       100%        6
 Storm Form               Tmut/Air       1%         N/A       100%        7


Dungeon Overview and Level Annotations

Branches:
Dungeon (11/15)            Temple (0/1) D:5            Lair (0/5) D:10
    Orc (2/2) D:9             Elf (0/3) Orc:2       Ossuary (visited)

Altars:
Cheibriados
Dithmenos
Fedhas
Gozag
Hepliaklqana
Kikubaaqudgha
Makhleb
Qazlal
Ru
Sif Muna
Uskayaw
Wu Jian

Shops:
D:1 [   D:2 *   D:6 =   D:9 [

Portals:
Trove: D:11 (give +8 demon trident)


Innate Abilities, Weirdness & Mutations

You are mostly covered in molten scales. (AC +3)
You regenerate a little health from kills.
You are partially covered in sharp spines.


Message History

The orc warrior shouts!
You hear a shout! x2
Unknown command.
You are too confused!
Unknown command.
Unknown command.
You feel better.
The centaur wields a +0 orcbow.
The centaur shoots an arrow.
The arrow hits you.
* * * LOW HITPOINT WARNING * * *
The centaur wields a +0 shortbow.
The centaur shoots an arrow.
The arrow hits you.
* * * LOW HITPOINT WARNING * * *
The centaur wields a +0 orcbow.
The centaur shoots an arrow.
The arrow hits you but does no damage.
The centaur shoots an arrow.
The arrow hits you.
* * * LOW HITPOINT WARNING * * *
The orc shoots an arrow.
The arrow closely misses you.
The centaur shoots an arrow.
The arrow misses you.
The centaur shoots an arrow.
The arrow barely misses you.
The arrow hits the orc wizard!
You begin to rise into the air.
The centaur shoots an arrow.
The arrow hits you!
* * * LOW HITPOINT WARNING * * *
The centaur shoots an arrow.
The arrow hits you.
* * * LOW HITPOINT WARNING * * *
The centaur shoots an arrow.
The arrow closely misses you.
The arrow hits the orc!
The orc dies!
The centaur shoots an arrow.
The arrow barely misses you.
The centaur shoots an arrow.
The arrow hits you.
* * * LOW HITPOINT WARNING * * *
The centaur shoots an arrow.
You block the arrow.
The orc wizard is struck by your spines.
The orc wizard hits you but does no damage.
The orc shoots an arrow.
The arrow hits you but does no damage. The orc wizard casts a spell at you.
The magic dart hits you but does no damage.
An orc warrior comes into view. It is wielding a +0 orcbow.
The centaur shoots an arrow.
You block the arrow.
The centaur shoots an arrow.
The arrow closely misses you.
The arrow hits the orc priest.
The centaur shoots an arrow.
The arrow hits you!
You die...

....... ...... ##..
............. . ....
#........... .. .....
#.....o.... ... .....
.......#..#....
......#..............
≈..oc.#.......o.oo...
oocc...o.o..o.o.o....
.occc..@.o..oo.......
≈oo...#.......#.###o.
..c.. #.......###
.... .....#.## ...
#...#### .. #..## #
.... ....


You could see 5 orc warriors, 7 centaurs, 2 orc priests, 2 orc wizards and 6
orcs.

Vanquished Creatures
  Erolcha (D:9)
  A two-headed ogre (D:9)
  Erica (D:9)
  2 orc high priests (Orc:2)
  A manticore (D:11)
  An orc sorcerer (Orc:2)
  An unseen horror (D:10)
  An unseen horror zombie (D:7)
  Maggie (D:9)
  A hornet (D:9)
  3 trolls
  2 shadows
  A wraith (D:6)
  3 wyverns
  2 vampires (D:10)
  5 yaks (D:11)
  4 vampire mosquitoes (D:11)
  A steam dragon (D:7)
  A warg (Orc:2)
  Menkaure (D:6)
  2 water moccasins
  2 hornet zombies (D:7)
  15 orc warriors
  2 black bears (D:10)
  4 ice beasts
  2 sky beasts (D:6)
  5 ogres
  15 centaurs
  2 kobold brigands
  7 bullfrogs
  2 gnoll sergeants
  2 scorpions
  A water moccasin zombie (D:7)
  9 wights (D:7)
  8 killer bees
  2 bullfrog zombies (D:7)
  2 centaur zombies (D:7)
  2 jellies
  10 orc priests
  Crazy Yiuf (D:2)
  4 hounds
  2 gnoll boudas
  3 iguanas (D:4)
  A sleepcap (D:5)
  Jessica (D:2)
  Natasha (thrice) (D:2)
  17 orc wizards
  A killer bee zombie (D:7)
  8 mummies (Ossuary)
  A howler monkey zombie (D:7)
  17 gnolls
  11 adders
  A shadow imp (D:5)
  2 ufetubi
  2 worms (D:3)
  54 orcs
  11 ball pythons
  7 bats
  9 endoplasms
  3 giant cockroaches
  4 goblins
  7 hobgoblins
  3 jackals (D:3)
  7 quokkas
  3 frilled lizards
  A gnoll zombie (Ossuary)
  A goblin zombie (D:5)
  A hobgoblin zombie (Ossuary)
  18 kobolds
  4 kobold zombies (Ossuary)
  2 orc zombies (Ossuary)
  A quokka zombie (D:5)
  4 rats
343 creatures vanquished.

Vanquished Creatures (others)
  A bullfrog zombie (D:7)
  An orc (Orc:2)
2 creatures vanquished.

Grand Total: 345 creatures vanquished

Notes
Turn   | Place    | Note
-------+----------+-------------------------------------------
     0 | D:1      | Turgor the Demonspawn Cinder Acolyte began the quest for
                  | the Orb.
     0 | D:1      | Reached XP level 1. HP: 18/18 MP: 2/2
   203 | D:1      | Gained mutation: You are partially covered in molten
                  | scales. (AC +2) [demonic ancestry]
   203 | D:1      | Reached XP level 2. HP: 24/24 MP: 3/3
   287 | D:1      | Learned a level 2 spell: Scorch
   481 | D:1      | Found Baudesahi's Antique Armour Boutique.
   798 | D:2      | Noticed Jessica
   803 | D:2      | Killed Jessica
   804 | D:2      | Reached XP level 3. HP: 19/29 MP: 1/4
   868 | D:2      | Found a sacrificial altar of Ru.
   901 | D:2      | Noticed Natasha
   917 | D:2      | Killed Natasha
   918 | D:2      | Reached XP level 4. HP: 27/37 MP: 5/5
   974 | D:2      | Found Mapt's Assorted Antiques.
   977 | D:2      | Bought a scroll labelled MUZENI FOAM for 22 gold pieces
   977 | D:2      | Bought a scroll labelled LOWURAU MUUME for 22 gold pieces
   977 | D:2      | Bought a scroll labelled CUAFOZOXIOV for 22 gold pieces
   977 | D:2      | Bought a scroll labelled MIRIPICIOMM for 22 gold pieces
  1135 | D:2      | Noticed Natasha
  1137 | D:2      | Killed Natasha
  1445 | D:2      | Found a runed translucent door.
  1446 | D:2      | Noticed Crazy Yiuf
  1499 | D:2      | Found a faded altar of an unknown god.
  1627 | D:2      | Killed Crazy Yiuf
  1628 | D:2      | Reached XP level 5. HP: 40/42 MP: 1/7
  1725 | D:2      | Noticed Natasha
  1730 | D:2      | Killed Natasha
  3110 | D:4      | Reached XP level 6. HP: 37/48 MP: 1/9
  3131 | D:4      | Found a snail-covered altar of Cheibriados.
  3136 | D:4      | Reached skill level 5 in Polearms
  3294 | D:4      | Found a shimmering blue altar of Sif Muna.
  3482 | D:4      | Found a hazy altar of Hepliaklqana.
  3636 | D:5      | Entered Level 5 of the Dungeon
  3766 | D:5      | Found a sand-covered staircase.
  3773 | Ossuary  | Entered an ossuary
  4033 | Ossuary  | Gained mutation: You are partially covered in sharp spines.
                  | [demonic ancestry]
  4033 | Ossuary  | Reached XP level 7. HP: 50/55 MP: 3/10
  4384 | D:5      | Found the Hermit's Pendant {Faith Invo=14 Evo=0 MP+5}
  4911 | D:5      | Found a staircase to the Ecumenical Temple.
  4923 | D:5      | Reached skill level 5 in Fighting
  5660 | D:6      | Learned a level 4 spell: Olgreb's Toxic Radiance
  5700 | D:6      | Reached XP level 8. HP: 62/62 MP: 12/12
  5829 | D:6      | Reached skill level 1 in Poison Magic
  6011 | D:6      | Noticed Menkaure
  6027 | D:6      | Killed Menkaure
  6028 | D:6      | Reached skill level 2 in Poison Magic
  6351 | D:6      | Found Xaesmich's Jewellery Shop.
  6645 | D:6      | Reached skill level 3 in Poison Magic
  6833 | D:6      | Bought the ring of the Mauling Gods {+Blink Fly Int+2} for
                  | 392 gold pieces
  7115 | D:6      | Found a blossoming altar of Fedhas.
  7178 | D:6      | Upgraded the game from 0.31-a0-4-gefa6de2278 to
                  | 0.31-a0-7-g51783674b7
  7185 | D:7      | Reached skill level 4 in Poison Magic
  7191 | D:7      | Reached XP level 9. HP: 35/69 MP: 7/13
  7194 | D:7      | Reached skill level 1 in Armour
  7194 | D:7      | Reached skill level 1 in Shields
  7584 | D:7      | Reached skill level 5 in Poison Magic
  7946 | D:7      | Reached skill level 6 in Poison Magic
  8170 | D:7      | Upgraded the game from 0.31-a0-7-g51783674b7 to
                  | 0.31-a0-14-gc80a10f4b6
  8170 | D:7      | Upgraded the game from 0.31-a0-14-gc80a10f4b6 to
                  | 0.31-a0-18-gea43df2a32
  8170 | D:7      | Upgraded the game from 0.31-a0-18-gea43df2a32 to
                  | 0.31-a0-37-g98a128e1d9
  8170 | D:7      | Upgraded the game from 0.31-a0-37-g98a128e1d9 to
                  | 0.31-a0-83-gbff143cfd1
  8638 | D:7      | Reached skill level 7 in Poison Magic
  9095 | D:8      | Reached XP level 10. HP: 76/76 MP: 7/15
  9110 | D:8      | Found a shadowy altar of Dithmenos.
  9431 | D:8      | Found an opulent altar of Gozag.
  9466 | D:8      | Found a hide-covered altar of Uskayaw.
  9562 | D:8      | Found a stormy altar of Qazlal.
 10367 | D:9      | Noticed Maggie
 10382 | D:9      | Killed Maggie
 10383 | D:9      | Reached skill level 5 in Fire Magic
 10540 | D:9      | Found a staircase to the Orcish Mines.
 10540 | D:9      | Found Paomn's Armour Shoppe.
 10869 | D:9      | Noticed Erolcha
 10874 | D:9      | Killed Erolcha
 10968 | D:9      | Found an ornate altar of the Wu Jian Council.
 11124 | D:9      | Learned a level 5 spell: Borgnjor's Vile Clutch
 11257 | D:9      | Found a sacrificial altar of Ru.
 11267 | D:9      | Noticed Erica
 11275 | D:9      | Killed Erica
 11276 | D:9      | Reached skill level 8 in Poison Magic
 11472 | D:9      | Noticed a two-headed ogre
 11488 | D:9      | Killed a two-headed ogre
 11489 | D:9      | Reached skill level 5 in Spellcasting
 11599 | D:9      | Found a burning altar of Makhleb.
 11707 | D:10     | Entered Level 10 of the Dungeon
 11916 | D:10     | Gained mutation: You are mostly covered in molten scales.
                  | (AC +3) [demonic ancestry]
 11916 | D:10     | Reached XP level 11. HP: 81/81 MP: 3/18
 12136 | D:10     | Found an ancient bone altar of Kikubaaqudgha.
 12936 | D:10     | Reached skill level 9 in Poison Magic
 13185 | D:10     | Reached skill level 5 in Armour
 13254 | D:10     | Found a staircase to the Lair.
 13408 | D:11     | Reached skill level 5 in Shields
 13410 | D:11     | Reached skill level 1 in Necromancy
 13412 | D:11     | Reached skill level 1 in Earth Magic
 13628 | D:11     | Found a portal to a secret trove of treasure.
 14632 | Orc:1    | Entered Level 1 of the Orcish Mines
 14689 | Orc:2    | Entered Level 2 of the Orcish Mines
 14689 | Orc:2    | Found a staircase to the Elven Halls.
 14693 | Orc:2    | Noticed an orc high priest
 14701 | Orc:2    | Killed an orc high priest
 14937 | Orc:2    | Noticed an orc sorcerer
 14942 | Orc:2    | Noticed an orc high priest
 15065 | Orc:2    | Killed an orc sorcerer
 15066 | Orc:2    | Killed an orc high priest
 15374 | Orc:1    | Reached skill level 5 in Necromancy
 15693 | Orc:2    | Noticed an orc knight
 15695 | Orc:2    | Noticed an orc knight
 15698 | Orc:2    | Gained mutation: You regenerate a little health from kills.
                  | [demonic ancestry]
 15698 | Orc:2    | Reached XP level 12. HP: 65/88 MP: 9/21
 15708 | Orc:2    | HP: 4/88 [centaur/arrow (1)]
 15708 | Orc:2    | Shot with an arrow by a centaur

Illustrated notes

Levels and vault maps discovered:
D:1:      dpeg_arrival_solitude, layout_loops_ring, serial_shops, shop,
          hangedman_decor_peaks_small, minmay_liquid_box
D:2:      layout_rooms, shapermc_ecumenical_altar_mp_ritualfount, serial_shops,
          nicolae_shop_window_shopping, basic_altar, uniq_jessica, uniq_natasha,
          uniq_crazy_yiuf_cottage
D:3:      layout_basic
D:4:      layout_basic, led_sif_pool, mainiacjoe_overflow_paths,
          nzn_hepliaklqana_mist_gate, hangedman_decor_lopped
D:5:      minmay_general_purpose_star, layout_cave_pools,
          minmay_temple_entry_glass, enter_ossuary_4
D:6:      layout_cave_pods, kennysheep_little_box, serial_shops,
          nicolae_shop_tiny_glass, serial_park_tiny_2,
          minmay_fractal_squares_gapless_5, uniq_menkaure
D:7:      layout_cave_pools, serial_undead, serial_undead_e, serial_undead_e,
          serial_undead_b, serial_undead_a, serial_undead_d, serial_undead_c,
          chequers_serial_rivers_micro_b, dk_noncrumbling_4
D:8:      layout_basic, lemuel_coloured_pillars_altar,
          nicolae_uskayaw_dance_hall, mainiacjoe_overflow_alcove_4,
          grunt_gozag_statues, serial_corexii_hall,
          chequers_hall_statues_corner_a, chequers_hall_statues_wall_a,
          corexii_hall_statues_l, chequers_hall_statues_y
D:9:      layout_cave_pools, mainiacjoe_overflow_alcove_1,
          nicolae_wu_jian_immortal_techniques,
          mainiacjoe_overflow_small_starburst, orc_david_3, uniq_maggie,
          uniq_erolcha, uniq_erica
D:10:     layout_long_grid, kennysheep_mini_moat, marbit_many_paths,
          due_lair_maze_entry_diamond
D:11:     layout_rooms, trove_entry_hex_spiral
Orc:1:    layout_caves
Orc:2:    st_orc_rangers, layout_caves, serial_shops, shop

Skill      XL: |  1  2  3  4  5  6  7  8  9 10 11 |
---------------+----------------------------------+-----
Polearms       | 3 4 5 6 7 8 |  8.0
Fire Magic     | 3 4 6 |  6.0
Fighting       | 4 5 6 |  6.0
Spellcasting   | 2 3 5 6 |  6.0
Poison Magic   | 4 7 8 9 |  9.8
Armour         | 3 4 5 |  5.9
Shields        | 3 4 5 |  5.0
Necromancy     | 5 |  5.4
Earth Magic    | 4 |  4.4

Action                     |  1- 3 |  4- 6 |  7- 9 | 10-12 || total
---------------------------+-------+-------+-------+-------++-------
  Melee: Spear             |    75 |   200 |   109 |   104 ||   488
         Punch             |       |     2 |     2 |       ||     4
  Throw: Dart              |     4 |       |    38 |     8 ||    50
         Boomerang         |       |       |       |     2 ||     2
   Cast: Scorch            |     1 |    50 |   136 |    72 ||   259
         Olgreb's Toxic Ra |       |       |     6 |    92 ||    98
 Invoke: Rising Flame      |       |       |       |     1 ||     1
Ability: Evoke Blink       |       |       |       |     5 ||     5
  Evoke: Wand              |       |    25 |    10 |    24 ||    59
         Box of beasts     |       |       |       |     1 ||     1
    Use: Scroll            |       |     8 |     8 |     6 ||    22
         Potion            |       |     1 |     2 |     9 ||    12
   Stab: Sleeping          |       |     3 |       |       ||     3
 Armour: Robe              |    18 |    43 |    42 |     1 ||   104
         Swamp dragon scal |       |       |       |    64 ||    64
  Dodge: Dodged            |    15 |    84 |    61 |    67 ||   227
  Block: Buckler           |       |       |    10 |    26 ||    36

Table legend: (Time is in decaauts)
 A = Elapsed time spent in this place.
 B = Non-inter-level travel time spent in this place.
 C = Inter-level travel time spent in this place.
 D = Time resting spent in this place.
 E = Time spent auto-exploring this place.
 F = Levels seen in this place.
 G = Mean time per level.
                   A        B        C        D        E       F      G
               +--------+--------+--------+--------+--------+-----+--------+
         Total |  15651 |  14962 |    689 |   2740 |   8771 |  14 | 1117.9 |
       Dungeon |  14089 |  13422 |    667 |   2077 |   8466 |  11 | 1280.8 |
  Orcish Mines |   1072 |   1050 |     22 |    450 |    284 |   2 |  536.0 |
       Ossuary |    489 |    489 |      0 |    213 |     21 |   1 |  489.0 |
               +--------+--------+--------+--------+--------+-----+--------+

Top non-repeatable levels by time:
     D:6: 2115 daAuts
    D:10: 1723 daAuts
     D:8: 1497 daAuts
     D:5: 1368 daAuts
     D:7: 1340 daAuts
     D:9: 1143 daAuts
    D:11: 1138 daAuts
     D:3: 1047 daAuts
     D:2: 947 daAuts
     D:4: 941 daAuts
     D:1: 826 daAuts
   Orc:1: 620 daAuts
 Ossuary: 489 daAuts
   Orc:2: 451 daAuts
